 Dungeon Crawl Stone Soup version 0.31.0-32-g396128a36d (webtiles) character file.

Game seed: 6641378483089425434

158 Consumeair16 the Conjurer (level 5, -4/37 HPs)
             Began as a Gnoll Conjurer on Apr 14, 2024.
             Slain by an iguana (6 damage)
             ... on level 4 of the Dungeon.
             The game lasted 00:03:34 (3114 turns).

Consumeair16 the Conjurer (Gnoll Conjurer)          Turns: 3114, Time: 00:03:35

Health: -4/37      AC:  5    Str:  6    XL:     5   Next: 39%
Magic:  1/12       EV: 12    Int: 18    God:
Gold:   118        SH:  0    Dex: 12    Spells: 9/14 levels left

rFire   . . .        i - +1 dagger (venom)
rCold   . . .        (no shield)
rNeg    . . .        l - +0 leather armour
rPois   .            x - +1 helmet
rElec   .            (no cloak)
rCorr   .            (no gloves)
SInv    .            (no boots)
Will    .....        (no amulet)
Stlth   ++           n - ring of wizardry
HPRegen 0.26/turn    (no ring)
MPRegen 0.13/turn

%: wizardry (x1)
@: no status effects
A: fangs 1, strong nose, distributed training
a: no special abilities


You were on level 4 of the Dungeon.
You visited 1 branch of the dungeon, and saw 4 of its levels.

You collected 118 gold pieces.

Inventory:

Hand Weapons
 h - a +0 dagger
 i - a +1 dagger of venom (weapon)
 k - a +1 heavy hand axe
 r - a +1 dagger of holy wrath
Armour
 a - a +0 robe
 l - a +0 leather armour (worn)
 m - a +0 tower shield
 x - a +1 helmet (worn)
Jewellery
 n - a ring of wizardry (left hand)
Scrolls
 c - a scroll of fear
 f - a scroll of enchant armour
Potions
 b - a potion of magic
 d - a potion of enlightenment
 e - a potion of might
 g - 2 potions of brilliance
 o - a potion of heal wounds {unknown}
 p - a potion of berserk rage {unknown}
 q - 2 potions of mutation {unknown}


   Skills:
 + Level 1.5 Fighting
 + Level 1.5 Short Blades
 + Level 1.5 Long Blades
 + Level 1.5 Axes
 + Level 1.5 Maces & Flails
 + Level 1.5 Polearms
 + Level 1.5 Staves
 + Level 1.5 Ranged Weapons
 + Level 1.5 Throwing
 + Level 1.5 Armour
 + Level 4.8 Dodging
 + Level 4.4 Stealth
 + Level 1.5 Shields
 + Level 1.5 Unarmed Combat
 + Level 5.2 Spellcasting
 + Level 7.2 Conjurations
 + Level 1.2 Hexes
 + Level 1.2 Summonings
 + Level 1.2 Necromancy
 + Level 1.2 Translocations
 + Level 1.2 Fire Magic
 + Level 1.2 Ice Magic
 + Level 1.2 Air Magic
 + Level 1.2 Earth Magic
 + Level 1.2 Alchemy
 + Level 1.7 Invocations
 + Level 1.5 Evocations
 + Level 1.4 Shapeshifting


You had 9 spell levels left.
You knew the following spells:

 Your Spells              Type           Power      Damage    Failure   Level
a - Magic Dart            Conj           100%       1d8       1%          1
b - Searing Ray           Conj           60%        2d6       1%          2
c - Mercury Vapours       Alch/Air       18%        N/A       8%          2

Your spell library contained the following spells:

 Spells                   Type           Power      Damage    Failure   Level
 Sting                    Conj/Alch      76%        1d7       1%          1
 Fulminant Prism          Conj/Alch      9%         3d7       14%         4
 Iskenderun's Mystic Bla  Conj/Tloc      19%        2d6       14%         4
 Olgreb's Toxic Radiance  Alch           9%         N/A       41%         4


Dungeon Overview and Level Annotations

Branches:
Dungeon (4/15)
 Temple: D:4-7

Altars:


Innate Abilities, Weirdness & Mutations

You have very sharp teeth.
Your uncanny sense of smell can sniff out nearby items.
Your experience applies equally to all skills.


Message History

The iguana is severely wounded.
The iguana bites you!
You are out of magic!
You are out of magic!
You are out of magic!
You are out of magic!
You closely miss the iguana.
The iguana is severely wounded.
The iguana bites you!
You are too injured to fight recklessly!
You are too injured to fight recklessly!
You are too injured to fight recklessly!
You are too injured to fight recklessly!
You are too injured to fight recklessly!
You are too injured to fight recklessly!
You are too injured to fight recklessly!
You are too injured to fight recklessly!
You are too injured to fight recklessly!
You are too injured to fight recklessly!
You are too injured to fight recklessly!
You are too injured to fight recklessly!
You are too injured to fight recklessly!
You are too injured to fight recklessly!
You are too injured to fight recklessly!
You are too injured to fight recklessly!
You are too injured to fight recklessly!
You are too injured to fight recklessly!
You hit the iguana.
The iguana is severely wounded.
The iguana bites you.
* * * LOW HITPOINT WARNING * * *
You hit the iguana but do no damage.
The iguana is poisoned.
The iguana is severely wounded.
The iguana bites you!
* * * LOW HITPOINT WARNING * * *
You closely miss the iguana.
The iguana is severely wounded.
The iguana barely misses you. The iguana attacks as it pursues you!
The iguana bites you.
You die...

#......# ....#
#.....># ....#
+...)..# ....#
#......###...#
#........#...#### .∆
#........#......#
...#.......<.......#
...................#
#..##.@.###...##..#
#.# #l#.#∆#.#.# .#
#^ #...# #...#
#....###...###.
#..#. ∆ †#.#∆ .# #.
.. #.#)# .. ### #.
.. ## ∆ #) .. ∆ #. #


You could see an iguana (very poisoned).

Vanquished Creatures
  A bombardier beetle (D:3)
  An iguana (D:3)
  An adder (D:2)
  2 dart slugs
  5 orcs
  6 ball pythons
  8 bats
  12 endoplasms
  4 giant cockroaches
  4 hobgoblins
  3 quokkas
  8 goblins
  11 kobolds
  5 rats
71 creatures vanquished.

Notes
Turn   | Place    | Note
-------+----------+-------------------------------------------
     0 | D:1      | Consumeair16 the Gnoll Conjurer began the quest for the
                  | Orb.
     0 | D:1      | Reached XP level 1. HP: 13/13 MP: 6/6
   145 | D:1      | Reached XP level 2. HP: 19/19 MP: 5/7
   725 | D:1      | Reached skill level 5 in Spellcasting
   725 | D:1      | Reached XP level 3. HP: 25/25 MP: 3/9
  1238 | D:2      | Reached skill level 1 in Invocations
  1320 | D:2      | Reached skill level 1 in Fighting
  1320 | D:2      | Reached skill level 1 in Short Blades
  1320 | D:2      | Reached skill level 1 in Long Blades
  1320 | D:2      | Reached skill level 1 in Axes
  1320 | D:2      | Reached skill level 1 in Maces & Flails
  1320 | D:2      | Reached skill level 1 in Polearms
  1320 | D:2      | Reached skill level 1 in Staves
  1320 | D:2      | Reached skill level 1 in Ranged Weapons
  1320 | D:2      | Reached skill level 1 in Throwing
  1320 | D:2      | Reached skill level 1 in Armour
  1320 | D:2      | Reached skill level 1 in Shields
  1320 | D:2      | Reached skill level 1 in Unarmed Combat
  1320 | D:2      | Reached skill level 1 in Evocations
  1963 | D:3      | Reached skill level 1 in Shapeshifting
  1963 | D:3      | Reached XP level 4. HP: 32/32 MP: 4/11
  2047 | D:3      | Reached skill level 1 in Hexes
  2047 | D:3      | Reached skill level 1 in Summonings
  2047 | D:3      | Reached skill level 1 in Necromancy
  2047 | D:3      | Reached skill level 1 in Translocations
  2047 | D:3      | Reached skill level 1 in Fire Magic
  2047 | D:3      | Reached skill level 1 in Ice Magic
  2047 | D:3      | Reached skill level 1 in Air Magic
  2047 | D:3      | Reached skill level 1 in Earth Magic
  2047 | D:3      | Reached skill level 1 in Alchemy
  2052 | D:3      | Learned a level 2 spell: Searing Ray
  2055 | D:3      | Learned a level 2 spell: Mercury Vapours
  2198 | D:3      | Reached XP level 5. HP: 37/37 MP: 4/12
  3110 | D:4      | HP: 1/37 [iguana (9)]
  3114 | D:4      | Slain by an iguana

Illustrated notes

Levels and vault maps discovered:
D:1:      mrwooster_arrival_statue, layout_basic, chequers_serial_rivers_room_b,
          kennysheep_decorative_pillar
D:2:      layout_rooms, serial_co_window_serial, co_window_of_opportunity_a,
          co_window_paths_a, co_window_paths_a, co_window_corner_a,
          co_window_paths_a, co_window_broadway_a, co_window_cross_2,
          co_window_cross_4, co_window_corner_cb, glass_columns_a,
          glass_columns_a, glass_columns_b, glass_columns_a,
          hangedman_abyss_or_decor_stabs
D:3:      layout_loops_ring, kennysheep_potato
D:4:      layout_gridville, minmay_misc_feat_more_columns, minmay_starry_boxes,
          uniq_sigmund, uniq_menkaure, uniq_edmund

Skill      XL: |  1  2  3  4 |
---------------+-------------+-----
Spellcasting   | 5 |  5.2
Invocations    | 1 |  1.7
Fighting       | 1 |  1.5
Short Blades   | 1 |  1.5
Long Blades    | 1 |  1.5
Axes           | 1 |  1.5
Maces & Flails | 1 |  1.5
Polearms       | 1 |  1.5
Staves         | 1 |  1.5
Ranged Weapons | 1 |  1.5
Throwing       | 1 |  1.5
Armour         | 1 |  1.5
Shields        | 1 |  1.5
Unarmed Combat | 1 |  1.5
Evocations     | 1 |  1.5
Shapeshifting  | 1 |  1.4
Hexes          | 1 |  1.2
Summonings     | 1 |  1.2
Necromancy     | 1 |  1.2
Translocations | 1 |  1.2
Fire Magic     | 1 |  1.2
Ice Magic      | 1 |  1.2
Air Magic      | 1 |  1.2
Earth Magic    | 1 |  1.2
Alchemy        | 1 |  1.2
Dodging        | |  4.8
Stealth        | |  4.4
Conjurations   | |  7.2

Action                     |  1- 3 |  4- 6 || total
---------------------------+-------+-------++-------
  Melee: Dagger            |     1 |     8 ||     9
         Punch             |       |     1 ||     1
   Cast: Magic Dart        |    75 |    61 ||   136
    Use: Scroll            |     7 |     7 ||    14
 Armour: Robe              |     2 |       ||     2
         Leather armour    |       |    10 ||    10
  Dodge: Dodged            |     3 |     8 ||    11
